 Dungeon Crawl Stone Soup version 0.30-a0-799-g109b55a442 (webtiles) character file.

Game seed: 15132991934434406071

64 KarmaKiller the Sneak (level 3, -2/27 HPs)
             Began as a Vampire Brigand on Feb 20, 2023.
             Slain by Crazy Yiuf
             ... wielding a +2 quarterstaff of chaos
              (3 damage)
             ... on level 2 of the Dungeon.
             The game lasted 00:10:42 (1556 turns).

KarmaKiller the Sneak (Vampire Brigand)             Turns: 1556, Time: 00:10:43

Health: -2/27      AC: 11    Str: 10    XL:     3   Next: 91%
Magic:  3/3        EV:  1    Int: 13    God:
Gold:   91         SH:  0    Dex: 17    Spells: 2/2 levels left

rFire   . . .      SeeInvis +    k - +1 short sword
rCold   . . .      Faith    .    (no shield)
rNeg    . . .      Spirit   .    i - +0 plate armour
rPois   .          Reflect  .    (no helmet)
rElec   .          Harm     .    l - +0 cloak
rCorr   .          Rampage  .    (no gloves)
Will    .....                    (no boots) Stlth
                                 (no amulet)
HPRegen 0.44/turn                (no ring)
MPRegen 0.08/turn                (no ring)

@: lethally poisoned (-2 -> -5), healing quickly
A: alive, fangs 3, see invisible, vampiric 2
a: Exsanguinate


You were on level 2 of the Dungeon.
You visited 1 branch of the dungeon, and saw 2 of its levels.

You collected 91 gold pieces.

Inventory:

Hand Weapons
 a - a +2 dagger
 k - a +1 short sword (weapon)
 q - a +1 antimagic dagger
Missiles
 d - 6 poisoned darts (quivered)
 e - 3 curare-tipped darts
Armour
 b - a +0 robe
 c - a +0 cloak
 h - a +0 leather armour
 i - a +0 plate armour (worn)
 l - a +0 cloak (worn)
 p - a +0 ring mail
Jewellery
 v - an amulet of faith
Scrolls
 f - a scroll of noise {unknown}
 n - a scroll of fog
 t - a scroll of magic mapping
 u - a scroll of teleportation {unknown}
 w - a scroll of blinking {unknown}
Potions
 j - 3 potions of degeneration
 m - a potion of ambrosia {unknown}
 o - a potion of heal wounds {unknown}
 r - a potion of attraction {unknown}
 s - a potion of mutation {unknown}


   Skills:
 + Level 2.0 Fighting
 + Level 2.7 Short Blades
 + Level 2.0 Throwing
 + Level 1.0 Armour
 + Level 1.1 Dodging
 + Level 7.0 Stealth


You had 2 spell levels left.
You didn't know any spells.
Your spell library contained the following spells:

 Spells                   Type           Power      Damage    Failure   Level
 Gell's Gravitas          Tloc           0%         N/A       100%        3
 Teleport Other           Tloc           0%         N/A       100%        3
 Dispersal                Tloc           0%         N/A       100%        6


Dungeon Overview and Level Annotations

Branches:
Dungeon (2/15)

Altars:

Shops:
D:2 (

Annotations:
D:2 Crazy Yiuf


Innate Abilities, Weirdness & Mutations

Your natural rate of healing is accelerated.
You have razor-sharp teeth.
You have supernaturally acute eyesight. (SInv)
You are afflicted with vampirism and can become a bat while bloodless.


Message History

Found a hammer.
Found a runed translucent door.
Crazy Yiuf flaps his cloak.
Crazy Yiuf says, "Walk water stair!"
As you read the scroll of identify, it crumbles to dust.
j - 3 potions of degeneration You open the door.
You closely miss Crazy Yiuf.
Crazy Yiuf says, "Ten!
You arm wrapper."
Crazy Yiuf hits you with a +2 quarterstaff of chaos.
Crazy Yiuf freezes you.
You closely miss Crazy Yiuf. You bite Crazy Yiuf.
Crazy Yiuf is lightly wounded.
Crazy Yiuf hits you with a +2 quarterstaff of chaos.
Crazy Yiuf freezes you.
You hit Crazy Yiuf but do no damage.
Crazy Yiuf is lightly wounded.
Crazy Yiuf completely misses you.
You hit Crazy Yiuf.
Crazy Yiuf is moderately wounded.
You hit Crazy Yiuf.
Crazy Yiuf is heavily wounded.
Crazy Yiuf hits you with a +2 quarterstaff of chaos.
You closely miss Crazy Yiuf.
Crazy Yiuf is heavily wounded.
Crazy Yiuf hits you with a +2 quarterstaff of chaos!
You are poisoned.
You hit Crazy Yiuf but do no damage.
Crazy Yiuf is heavily wounded.
You feel sick. Crazy Yiuf hits you but does no damage.
You hit Crazy Yiuf. You punch Crazy Yiuf.
Crazy Yiuf is heavily wounded.
You feel sick. Crazy Yiuf hits you but does no damage.
You resist with some effort.
You barely miss Crazy Yiuf. Your bite misses Crazy Yiuf.
Crazy Yiuf is heavily wounded.
You feel sick.
Crazy Yiuf hits you with a +2 quarterstaff of chaos.
* * * LOW HITPOINT WARNING * * *
Crazy Yiuf burns you.
You die...

####............
########.....
###.#... #####
#####...##..
#)..#
#.....######
#...#
#########... ...
#######...## #g#
#....##.####
♣@♣♣
#...........
♣♣.♣
#.......####
♣.♣♣ #....####
♣♣.♣ #....#
♣♣.♣♣ ##.###
♣♣.P.♣ ##.#
♣P.♣P♣ #..#
#....# #.##
#....###.#


You could see Crazy Yiuf.

Vanquished Creatures
  3 dart slugs (D:1)
  An orc (D:2)
  2 endoplasms
  6 giant cockroaches
  6 goblins
  5 hobgoblins
  A jackal (D:2)
  4 quokkas
  4 ball pythons
  4 bats
  5 frilled lizards
  7 kobolds
  6 rats
54 creatures vanquished.

Vanquished Creatures (others)
  2 fungi (D:2)
2 creatures vanquished.

Grand Total: 56 creatures vanquished

Notes
Turn   | Place    | Note
-------+----------+-------------------------------------------
     0 | D:1      | KarmaKiller the Vampire Brigand began the quest for the
                  | Orb.
     0 | D:1      | Reached XP level 1. HP: 16/16 MP: 1/1
    41 | D:1      | Reached skill level 6 in Stealth
    85 | D:1      | Reached XP level 2. HP: 18/22 MP: 2/2
   472 | D:1      | Gained mutation: You are afflicted with vampirism and can
                  | become a bat while bloodless. [Vampire growth]
   472 | D:1      | Reached XP level 3. HP: 19/27 MP: 3/3
   685 | D:1      | Reached skill level 7 in Stealth
  1043 | D:2      | Found Rewuk's Weapon Emporium.
  1276 | D:2      | Reached skill level 1 in Armour
  1542 | D:2      | Found a runed translucent door.
  1543 | D:2      | Noticed Crazy Yiuf
  1556 | D:2      | HP: 1/27 [Crazy Yiuf/+2 quarterstaff of chaos (6)]
  1556 | D:2      | Slain by Crazy Yiuf

Illustrated notes

Levels and vault maps discovered:
D:1:      lordsloth_arrival_two_stooges, layout_loops_ring, kennysheep_boxes
D:2:      minmay_spotlight, layout_rooms, serial_shops,
          nicolae_shop_bloodbath_and_beyond, hex_large, minmay_surrounded,
          uniq_crazy_yiuf_cottage

Skill      XL: |  1  2  3 |
---------------+----------+-----
Stealth        | 6 7 |  7.0
Throwing       | 2 |  2.0
Armour         | 1 |  1.0
Fighting       | 2 |  2.0
Short Blades   | |  2.7
Dodging        | |  1.1

Action                     || total
---------------------------++-------
  Melee: Dagger            ||    77
         Bite              ||    17
         Short sword       ||    64
         Punch             ||     3
  Throw: Dart              ||    27
    Use: Scroll            ||     5
 Armour: Fire dragon scale ||     3
         Plate armour      ||   112
  Dodge: Dodged            ||    15

Table legend: (Time is in decaauts)
 A = Elapsed time spent in this place.
 B = Non-inter-level travel time spent in this place.
 C = Inter-level travel time spent in this place.
 D = Time resting spent in this place.
 E = Time spent auto-exploring this place.
 F = Levels seen in this place.
 G = Mean time per level.
                   A        B        C        D        E       F      G
               +--------+--------+--------+--------+--------+-----+--------+
         Total |   1535 |   1535 |      0 |      0 |      0 |   2 |  767.5 |
       Dungeon |   1535 |   1535 |      0 |      0 |      0 |   2 |  767.5 |
               +--------+--------+--------+--------+--------+-----+--------+

Top non-repeatable levels by time:
     D:1: 815 daAuts
     D:2: 720 daAuts
